 Dungeon Crawl Stone Soup version 0.27-a0-1006-g1fd4cec11e (webtiles) character file.

Game seed: 2199526160783081425

238 siradein the Cutter (level 5, 0/38 HPs)
             Began as a Demonspawn Brigand on Apr 18, 2021.
             Succumbed to a scorpion's poison
             ... on level 3 of the Dungeon.
             The game lasted 00:05:45 (2974 turns).

siradein the Cutter (Demonspawn Brigand)            Turns: 2974, Time: 00:05:46

Health: 0/38       AC: 21    Str: 12    XL:     5   Next: 78%
Magic:  5/5        EV:  2    Int: 12    God:
Gold:   80         SH:  0    Dex: 15    Spells: 4/4 levels left

rFire    . . .     SeeInvis +   k - +2 dagger (vamp)
rCold    . . .     Faith    .   (no shield)
rNeg     . . .     Spirit   .   j - +0 plate armour
rPois    .         Reflect  .   n - +0 helmet
rElec    .         Harm     .   c - +0 cloak
rCorr    .         Rampage  .   (no gloves)
Will     .....                  (no boots)
Stlth    ..........             (no amulet)
HPRegen  0.12/turn              r - ring of see invisible
MPRegen  0.09/turn              (no ring)

@: lethally poisoned (0 -> -10), sanguine armoured
A: talons 1, sanguine armour 2
a: no special abilities


You were on level 3 of the Dungeon.
You visited 1 branch of the dungeon, and saw 4 of its levels.

You collected 80 gold pieces.

Inventory:

Hand Weapons
 k - a +2 vampiric dagger (weapon)
 o - a +1 dagger of electrocution
Missiles
 d - 27 poisoned darts (quivered)
 e - 3 curare-tipped darts
 p - 5 atropa-tipped darts
Armour
 c - a +0 cloak (worn)
 j - a +0 plate armour (worn)
 n - a +0 helmet (worn)
Jewellery
 r - a ring of see invisible (left hand)
Scrolls
 b - a scroll of fear {unknown}
 g - a scroll of teleportation {unknown}
 i - 3 scrolls of identify {unknown}
 l - 2 scrolls of fog {unknown}
 q - a scroll of amnesia {unknown}
 t - a scroll of enchant weapon {unknown}
Potions
 a - a potion of lignification {unknown}
 f - 2 potions of haste {unknown}
 h - 4 potions of curing {unknown}
 m - a potion of heal wounds {unknown}
 s - a potion of ambrosia {unknown}


   Skills:
 - Level 2.0 Fighting
 + Level 5.6 Short Blades
 - Level 1.7 Throwing
 - Level 0.8 Dodging
 - Level 3.6 Stealth


You had 4 spell levels left.
You didn't know any spells.
Your spell library was empty.

Dungeon Overview and Level Annotations

Branches:
Dungeon (4/15)
 Temple: D:4-7

Altars:


Innate Abilities, Weirdness & Mutations

You have sharp toenails.
When seriously injured, your bleeding wounds create thick armour. (AC +9)


Message History

Things that are here:
a +0 short sword; a bat corpse The endoplasm quivers.
The jackal barks!
A scorpion comes into view.
The goblin shouts!
Something unseen opens the door.
A hobgoblin opens the door.
A goblin opens the door.
You hit the scorpion.
The scorpion is lightly wounded.
The scorpion stings you.
You are poisoned.
The scorpion poisons you!
You closely miss the scorpion. You claw the scorpion.
The scorpion is lightly wounded.
You feel sick.
The scorpion stings you but does no damage.
You hit the scorpion.
You feel better.
The scorpion is lightly wounded.
You feel sick. The scorpion stings you.
You are more poisoned.
The scorpion poisons you!
You barely miss the scorpion.
The scorpion is lightly wounded.
You feel very sick.
A quokka comes into view.
The scorpion stings you.
Your blood congeals into armour.
You are lethally poisoned!
The scorpion poisons you!
You feel very sick.
A kobold comes into view. It is wielding a +0 club.
You feel very sick.
* * * LOW HITPOINT WARNING * * *
You feel very sick.
* * * LOW HITPOINT WARNING * * *
You feel very sick.
* * * LOW HITPOINT WARNING * * *
You feel sick.
The scorpion stings you but does no damage.
You die...

#.# #.# #.# # #.# #.# #.#
# #.# #.# #.# ##
#.####.## ##.## #.
#...#...#####...### #.
###...#.......#...###.
#.....#...#####...#.....
#########.####.##.######.
........@..)........ ..
###..##.######.##### ##.
#g##...s..# # # ##
.hJ#.##.#.# #J##....#)#
#'###'#...# #.##?.##..#
'#+[.[/#..# .##..((#g...


You could see a scorpion, an endoplasm and a hobgoblin.

Vanquished Creatures
  A kobold brigand (D:3)
  A wyvern skeleton (D:2)
  Robin (D:2)
  2 adders (D:3)
  An ufetubus (D:3)
  2 worms (D:2)
  4 dart slugs
  A ball python (D:2)
  4 endoplasms
  3 giant cockroaches
  7 goblins
  8 hobgoblins
  5 jackals
  6 kobolds
  4 quokkas
  10 bats
  4 frilled lizards
  4 rats
68 creatures vanquished.

Vanquished Creatures (others)
  A dart slug (D:2)
1 creature vanquished.

Grand Total: 69 creatures vanquished

Notes
Turn   | Place    | Note
-------+----------+-------------------------------------------
     0 | D:1      | siradein the Demonspawn Brigand began the quest for the
                  | Orb.
     0 | D:1      | Reached XP level 1. HP: 16/16 MP: 1/1
    51 | D:1      | Reached skill level 2 in Short Blades
   137 | D:1      | Gained mutation: You have sharp toenails. [demonic
                  | ancestry]
   137 | D:1      | Reached XP level 2. HP: 21/22 MP: 2/2
   733 | D:1      | Reached skill level 3 in Short Blades
   858 | D:2      | Gained mutation: When seriously injured, your bleeding
                  | wounds create armour. (AC +9) [demonic ancestry]
   858 | D:2      | Reached XP level 3. HP: 27/27 MP: 3/3
   910 | D:2      | You fall into a shaft and drop 2 floors!
  1310 | D:2      | Noticed Robin
  1585 | D:2      | Killed Robin
  1586 | D:2      | Reached skill level 4 in Short Blades
  1586 | D:2      | Gained mutation: When seriously injured, your bleeding
                  | wounds create thick armour. (AC +9) [demonic ancestry]
  1586 | D:2      | Reached XP level 4. HP: 33/33 MP: 4/4
  2108 | D:2      | Reached XP level 5. HP: 15/38 MP: 5/5
  2629 | D:3      | Noticed an ice beast
  2719 | D:3      | Reached skill level 5 in Short Blades
  2827 | D:3      | Found a faded altar of an unknown god.
  2974 | D:3      | Succumbed to a scorpion's poison

Illustrated notes

Levels and vault maps discovered:
D:1:      minmay_arrival_shattered_statue, layout_loops_ring, chequers_jeans
D:2:      layout_basic, lemuel_old_faithful, uniq_robin
D:3:      layout_basic, shapermc_ecumenical_altar_starsandcircs,
          minmay_misc_feat_tower, minivault_26, minmay_joined_circles
D:4:      layout_basic, lemuel_tele_altar, serial_forest,
          infiniplex_forest_clump_medium, infiniplex_forest_lined_2,
          infiniplex_forest_split, infiniplex_forest_clump_small,
          infiniplex_forest_diagonal, infiniplex_forest_clump_curved,
          dk_noncrumbling_3

Skill      XL: |  1  2  3  4  5 |
---------------+----------------+-----
Short Blades   | 2 3 4 5 |  5.6
Fighting       | |  2.0
Throwing       | |  1.7
Dodging        | |  0.8
Stealth        | |  3.6

Action                   |  1- 3 |  4- 6 || total
-------------------------+-------+-------++-------
Melee: Dagger            |    58 |    85 ||   143
       Kick              |    26 |    20 ||    46
       Short sword       |    73 |       ||    73
 Stab: Sleeping          |     2 |       ||     2
Armor: Robe              |    10 |       ||    10
       Plate armour      |    96 |    72 ||   168
Dodge: Dodged            |    24 |    11 ||    35

Table legend: (Time is in decaauts)
 A = Elapsed time spent in this place.
 B = Non-inter-level travel time spent in this place.
 C = Inter-level travel time spent in this place.
 D = Time resting spent in this place.
 E = Time spent auto-exploring this place.
 F = Levels seen in this place.
 G = Mean time per level.
                   A        B        C        D        E       F      G
               +--------+--------+--------+--------+--------+-----+--------+
         Total |   2940 |   2902 |     38 |    182 |   2014 |   4 |  735.0 |
       Dungeon |   2940 |   2902 |     38 |    182 |   2014 |   4 |  735.0 |
               +--------+--------+--------+--------+--------+-----+--------+

Top non-repeatable levels by time:
     D:2: 1392 daAuts
     D:1: 814 daAuts
     D:3: 504 daAuts
     D:4: 228 daAuts
